[Event "ESP-chT 2nd Division 2019"]
[Site "Linares"]
[Date "2019.08.20"]
[Round "2.35"]
[White "Gallardo Alarcon, Aurelio"]
[Black "Ortega Sanchis, Angela"]
[Result "1-0"]
[ECO "A45"]
[WhiteElo "1906"]
[BlackElo "1675"]
[Annotator "NA"]
[PlyCount "145"]
[EventDate "2019.08.19"]
[EventType "team-tourn"]
[EventCountry "ESP"]
[SourceTitle "playchess.com"]
[Source "ChessBase"]
[SourceQuality "1"]
[TimeControl "5400+30"]

1. d4 Nf6 2. Bg5 g6 3. Bxf6 exf6 4. e3 Bg7 5. Nf3 O-O 6. g3 f5 7. Bg2 d6 8. O-O Nd7 9. c4 Nf6 10. Nc3 Re8 11. b4 Ne4 12. Qd3 Be6 13. Rfc1 Bd7 14. Nd2 Nxc3 15. Qxc3 c6 16. a4 Qc7 17. Rcb1 b6 18. Ra3 Rab8 19. a5 bxa5 20. Rxa5 c5 21. Qa1 cxd4 22. Rxa7 Qc8 23. exd4 Re2 24. Nf3 Be8 25. Qa6 Qc6 26. Qxc6 Bxc6 27. Ra6 Be4 28. Rd1 Rxb4 29. Rxd6 Rxc4 30. Nd2 Rb4 31. Bf1 Bd3 32. Bxe2 Bxe2 33. Re1 Bb5 34. Nf1 Rxd4 35. Rxd4 Bxd4 36. Rd1 Ba7 37. h4 Kg7 38. Kg2 Bc6+ 39. f3 Bb5 40. Rb1 Bd3 41. Rb3 Bc4 42. Ra3 Bb8 43. Ne3 Be6 44. Nc2 Be5 45. Kf2 h6 46. Ne3 Bd4 47. f4 Bxe3+ 48. Kxe3 Bd5 49. Kd4 Be4 50. Ke5 Bc2 51. Ra7 Bd1 52. Kd6 Bf3 53. Ke7 Bd1 54. Ra6 Bb3 55. Rb6 Bc4 56. Rc6 Bb3 57. Rd6 Ba2 58. h5 gxh5 59. Rf6 Bb3 60. Rxf5 Kg6 61. Rf6+ Kg7 62. Rb6 Ba2 63. f5 Bc4 64. Rb8 Ba2 65. Rf8 Bb3 66. f6+ Kg6 67. Rg8+ Kf5 68. Rg7 h4 69. gxh4 h5 70. Rxf7 Kg4 71. Rg7+ Kxh4 72. f7 Bxf7 73. Kxf7 1-0

[Event "ESP-chT 2nd Division 2019"]
[Site "Linares"]
[Date "2019.08.20"]
[Round "2.36"]
[White "Portela Peleteiro, Alberto"]
[Black "Aloma Vidal, Robert"]
[Result "1/2-1/2"]
[ECO "B12"]
[WhiteElo "2375"]
[BlackElo "2419"]
[Annotator "ChessBase"]
[PlyCount "60"]
[EventDate "2019.08.19"]
[EventType "team-tourn"]
[EventCountry "ESP"]
[SourceTitle "playchess.com"]
[Source "ChessBase"]
[SourceQuality "1"]
[TimeControl "5400+30"]

1. e4 c6 2. d4 d5 3. e5 Bf5 4. Nf3 e6 5. Be2 Ne7 6. O-O c5 7. dxc5 Nec6 8. Be3 Nd7 9. c4 dxc4 10. Na3 Bxc5 11. Bxc5 Nxc5 12. Nxc4 O-O 13. Rc1 Nd3 14. Rc3 Nf4 15. Nd6 Bg4 16. h3 Nxe2+ 17. Qxe2 Nd4 18. Qe3 Nxf3+ 19. gxf3 Bxh3 20. Rfc1 f6 21. Rc7 fxe5 22. Qxe5 Qf6 23. Qxf6 Rxf6 24. Rxb7 e5 25. Rcc7 Rxd6 26. Rxg7+ Kf8 27. Rgf7+ Kg8 28. Rg7+ Kf8 29. Rgf7+ Kg8 30. Rg7+ Kf8 1/2-1/2

[Event "ESP-chT 2nd Division 2019"]
[Site "Linares"]
[Date "2019.08.20"]
[Round "2.37"]
[White "Gomez Anadon, Daniel"]
[Black "Veiga, Jose Francisco R P N"]
[Result "0-1"]
[ECO "B27"]
[WhiteElo "2274"]
[BlackElo "2346"]
[Annotator "ChessBase"]
[PlyCount "90"]
[EventDate "2019.08.19"]
[EventType "team-tourn"]
[EventCountry "ESP"]
[SourceTitle "playchess.com"]
[Source "ChessBase"]
[SourceQuality "1"]
[TimeControl "5400+30"]

1. e4 c5 2. Nf3 b6 3. g3 Bb7 4. d3 d5 5. Bg2 dxe4 6. Ng5 Qc7 7. Bxe4 Nf6 8. Bxb7 Qxb7 9. Qf3 Qxf3 10. Nxf3 Nc6 11. a4 Nd5 12. Na3 g6 13. Bd2 Bg7 14. O-O-O a6 15. c3 f6 16. Rhe1 Kf7 17. Kc2 Rhb8 18. Bc1 b5 19. Be3 Nxe3+ 20. Rxe3 Na5 21. Nd2 Bh6 22. Re4 Bxd2 23. Rxd2 Ra7 24. b4 cxb4 25. cxb4 Nb7 26. a5 Nd6 27. Ree2 Nf5 28. Kb2 Rd8 29. Nc2 Rad7 30. Kc3 e5 31. g4 Ne7 32. d4 Nd5+ 33. Kb3 Nf4 34. Re4 Ne6 35. Kc3 Rc7+ 36. Kb3 Rc4 37. f3 exd4 38. Ne1 Ng5 39. Ree2 Rc3+ 40. Kb2 Nxf3 41. Nxf3 Rxf3 42. Re4 d3 43. Kc3 g5 44. Kb3 Rf4 45. Re3 Rdd4 0-1

[Event "ESP-chT 2nd Division 2019"]
[Site "Linares"]
[Date "2019.08.20"]
[Round "2.38"]
[White "Rivera, Daniel"]
[Black "Valles Mata, David"]
[Result "1/2-1/2"]
[ECO "C02"]
[WhiteElo "2321"]
[BlackElo "2208"]
[Annotator "ChessBase"]
[PlyCount "171"]
[EventDate "2019.08.19"]
[EventType "team-tourn"]
[EventCountry "ESP"]
[SourceTitle "playchess.com"]
[Source "ChessBase"]
[SourceQuality "1"]
[TimeControl "5400+30"]

1. e4 e6 2. d4 d5 3. e5 c5 4. c3 Nc6 5. Nf3 Bd7 6. Bd3 cxd4 7. cxd4 Nge7 8. O-O Ng6 9. Nc3 Be7 10. Be3 O-O 11. Rc1 f6 12. exf6 Bxf6 13. Ne2 Nh4 14. Nxh4 Bxh4 15. Bb1 Bg5 16. Qd2 Bxe3 17. fxe3 Qe7 18. Nf4 Rf7 19. Rf3 g6 20. Rcf1 Raf8 21. Qf2 Be8 22. h4 Qd6 23. Qg3 Ne7 24. Bd3 Nf5 25. Qf2 Qe7 26. h5 g5 27. Nxd5 exd5 28. Bxf5 Kg7 29. Qg3 h6 30. a3 Rf6 31. Bg4 Rxf3 32. Rxf3 Rxf3 33. Qxf3 Bc6 34. Kf2 Qc7 35. Qf5 Qf7 36. Ke1 Qxf5 37. Bxf5 Kf6 38. Bc8 b6 39. Ke2 Bb5+ 40. Kd2 Bf1 41. g3 Bg2 42. Bg4 Be4 43. Kc3 Bg2 44. Kb4 Bf1 45. Kc3 Ke7 46. Kd2 Kd6 47. Be2 Bg2 48. Kc3 Be4 49. Kb4 Kc6 50. Bg4 Bd3 51. Bf3 Bf5 52. Kc3 Kd6 53. Be2 Be4 54. Bd3 Bf3 55. Bg6 Ke6 56. Kd2 Kf6 57. Ke1 Ke6 58. Kf2 Bd1 59. Be8 Ke7 60. Bc6 Kd6 61. Be8 Ke7 62. Bg6 Ke6 63. Ke1 Bf3 64. Kf2 Bd1 65. Ke1 Bf3 66. Kd2 Kd6 67. Kc3 Be2 68. Kb4 Kc7 69. Be8 Bf3 70. Ka4 Bd1+ 71. Kb4 Bf3 72. Bf7 Kc6 73. Kc3 Kd6 74. Bg6 Be2 75. Kd2 Bf3 76. Kd3 Ke6 77. Be8 Ke7 78. Bc6 Kd6 79. Be8 Ke7 80. Bg6 Ke6 81. Kd2 Kd6 82. Ke1 Ke6 83. Kf2 Bd1 84. Be8 Ke7 85. Bg6 Ke6 86. Ke1 1/2-1/2

[Event "ESP-chT 2nd Division 2019"]
[Site "Linares"]
[Date "2019.08.20"]
[Round "2.39"]
[White "Gonzalez Maza, Rafael"]
[Black "Fernandez Lopez, Ruben"]
[Result "1-0"]
[ECO "A48"]
[WhiteElo "2173"]
[BlackElo "2242"]
[Annotator "ChessBase"]
[PlyCount "111"]
[EventDate "2019.08.19"]
[EventType "team-tourn"]
[EventCountry "ESP"]
[SourceTitle "playchess.com"]
[Source "ChessBase"]
[SourceQuality "1"]
[TimeControl "5400+30"]

1. d4 Nf6 2. Nf3 g6 3. e3 Bg7 4. b3 O-O 5. Bb2 d6 6. Be2 Nbd7 7. h3 c5 8. c4 cxd4 9. Nxd4 d5 10. cxd5 Nxd5 11. O-O Nc5 12. Nc3 Nxc3 13. Bxc3 a6 14. Qc2 e5 15. Nf3 Re8 16. Rfd1 Qb6 17. b4 Nd7 18. Qb2 Qe6 19. a4 a5 20. Bb5 axb4 21. Qxb4 Bf8 22. Qb2 f6 23. Rd2 Re7 24. Bb4 Rf7 25. Rc1 Nb6 26. a5 Nd5 27. Bxf8 Kxf8 28. Bc4 Rd7 29. e4 Rc7 30. Bxd5 Qe7 31. Rdc2 Rxc2 32. Qxc2 Qa3 33. Qc5+ Qxc5 34. Rxc5 Ke7 35. a6 Kd6 36. Rc1 Rxa6 37. Rxc8 Ra1+ 38. Kh2 b5 39. Rc6+ Ke7 40. Rb6 Rb1 41. Re6+ Kd7 42. Rxf6 b4 43. Nxe5+ Ke7 44. Rb6 h5 45. h4 Kf8 46. Rb7 Ke8 47. Nxg6 Kd8 48. Nf4 Ke8 49. Nxh5 b3 50. Rxb3 Rf1 51. Rf3 Ke7 52. Ng3 Ra1 53. h5 Ra6 54. Ne2 Rh6 55. g4 Kd6 56. Kh3 {[%emt 0:00:46] Kxd5} 1-0

[Event "ESP-chT 2nd Division 2019"]
[Site "Linares"]
[Date "2019.08.20"]
[Round "2.40"]
[White "Lorenzo Serrano, Henar"]
[Black "Galera Serra, Maria"]
[Result "1/2-1/2"]
[ECO "C45"]
[WhiteElo "1719"]
[BlackElo "1467"]
[Annotator "NA"]
[PlyCount "87"]
[EventDate "2019.08.19"]
[EventType "team-tourn"]
[EventCountry "ESP"]
[SourceTitle "playchess.com"]
[Source "ChessBase"]
[SourceQuality "1"]
[TimeControl "5400+30"]

1. e4 e5 2. Nf3 Nc6 3. d4 exd4 4. Nxd4 Bc5 5. Be3 Qf6 6. Nb5 Bxe3 7. fxe3 Qe5 8. N1c3 a6 9. Nd4 Nge7 10. Qf3 O-O 11. O-O-O d6 12. Nxc6 bxc6 13. Bc4 Be6 14. Bb3 Bxb3 15. axb3 Qa5 16. Kb1 Rab8 17. h4 h6 18. g4 f6 19. Qh3 Rf7 20. g5 fxg5 21. hxg5 Qxg5 22. Rdg1 Qf6 23. Ne2 Ng6 24. Qh5 Ne5 25. Nf4 Kf8 26. Ng6+ Nxg6 27. Rxg6 Qe5 28. Qg4 Ke7 29. Rg1 Rg8 30. Rxh6 gxh6 31. Qxg8 Qxe4 32. Qc8 Qxe3 33. Qxc7+ Ke6 34. Qc8+ Ke7 35. Qc7+ Ke6 36. Rg6+ Rf6 37. Qc8+ Kd5 38. c4+ Kc5 39. Rxf6 Qe1+ 40. Kc2 Qe2+ 41. Kc1 Qe1+ 42. Kc2 Qe2+ 43. Kb1 Qe1+ 44. Kc2 1/2-1/2

[Event "ESP-chT 2nd Division 2019"]
[Site "Linares"]
[Date "2019.08.20"]
[Round "3.2"]
[White "Del Rio De Angelis, Salvador G."]
[Black "Torres Sanchez, Jose"]
[Result "1-0"]
[ECO "B06"]
[WhiteElo "2472"]
[BlackElo "2304"]
[Annotator "ChessBase"]
[PlyCount "85"]
[EventDate "2019.08.19"]
[EventType "team-tourn"]
[EventCountry "ESP"]
[SourceTitle "playchess.com"]
[Source "ChessBase"]
[SourceQuality "1"]
[TimeControl "5400+30"]

1. d4 g6 2. e4 Bg7 3. Nc3 a6 4. f4 d5 5. e5 Nh6 6. Bd3 b6 7. Nf3 O-O 8. Ne2 c5 9. c3 a5 10. O-O Nc6 11. h3 a4 12. g4 f5 13. g5 Nf7 14. Bb5 Qd7 15. Be3 Ra5 16. c4 e6 17. dxc5 dxc4 18. Qxd7 Bxd7 19. Bxc6 Bxc6 20. cxb6 a3 21. Nfd4 axb2 22. Rab1 Be4 23. Rxb2 Ra3 24. Nc2 Rd3 25. Rb4 Ra8 26. Rc1 Bd5 27. Kf2 Nd8 28. Ne1 Bf8 29. Rb5 Rxa2 30. Rc2 Raa3 31. Nxd3 cxd3 32. Rc8 Ra2 33. Rxd8 Rxe2+ 34. Kf1 Bg2+ 35. Kg1 Bb7 36. Rxd3 Rg2+ 37. Kf1 Ra2 38. Rd2 Ra8 39. Kf2 Rb8 40. Rc2 Be7 41. Ra5 Bd8 42. Ra7 Bd5 43. b7 1-0

[Event "ESP-chT 2nd Division 2019"]
[Site "Linares"]
[Date "2019.08.20"]
[Round "3.3"]
[White "Represa Perez, Mireya"]
[Black "Iruzubieta Villaluenga, Jesus M"]
[Result "0-1"]
[ECO "C72"]
[WhiteElo "2229"]
[BlackElo "2438"]
[Annotator "NA"]
[PlyCount "94"]
[EventDate "2019.08.19"]
[EventType "team-tourn"]
[EventCountry "ESP"]
[SourceTitle "playchess.com"]
[Source "ChessBase"]
[SourceQuality "1"]
[TimeControl "5400+30"]

1. e4 e5 2. Nf3 Nc6 3. Bb5 a6 4. Ba4 d6 5. O-O Bd7 6. c3 Nge7 7. Re1 Ng6 8. d4 Be7 9. d5 Nb8 10. Bxd7+ Nxd7 11. c4 O-O 12. Nc3 Nh4 13. Nxh4 Bxh4 14. Qg4 Bf6 15. Re3 g6 16. Rh3 Bg7 17. Rb1 Qe7 18. b4 Rae8 19. Qh4 Qxh4 20. Rxh4 Rc8 21. Rh3 c6 22. Bd2 cxd5 23. cxd5 Rc4 24. Rd3 Rfc8 25. f3 Bf6 26. a4 Bd8 27. Rb3 Bb6+ 28. Kf1 f5 29. a5 Ba7 30. Ke2 Kf7 31. exf5 gxf5 32. g4 e4 33. fxe4 fxg4 34. Rg3 Nf6 35. b5 Bd4 36. bxa6 bxa6 37. Kd3 Bxc3 38. Rxc3 Rxc3+ 39. Bxc3 Rxc3+ 40. Kxc3 Nxe4+ 41. Kd4 Nxg3 42. hxg3 Kf6 43. Ke4 Kg5 44. Ke3 Kf5 45. Kd4 h6 46. Kd3 Ke5 47. Kc4 Ke4 {[%emt 0:00:12] Kd4+ Ke5+} 0-1

[Event "ESP-chT 2nd Division 2019"]
[Site "Linares"]
[Date "2019.08.20"]
[Round "3.4"]
[White "Trigo Urquijo, Sergio"]
[Black "Meneses Gonzalez, Kevin Moises"]
[Result "1-0"]
[ECO "A50"]
[WhiteElo "2385"]
[BlackElo "2251"]
[Annotator "NA"]
[PlyCount "117"]
[EventDate "2019.08.19"]
[EventType "team-tourn"]
[EventCountry "ESP"]
[SourceTitle "playchess.com"]
[Source "ChessBase"]
[SourceQuality "1"]
[TimeControl "5400+30"]

1. d4 Nf6 2. c4 g6 3. f3 c5 4. d5 Bg7 5. e4 d6 6. Ne2 e6 7. Nec3 exd5 8. cxd5 O-O 9. Be2 a6 10. a4 Nbd7 11. O-O Ne8 12. Be3 f5 13. Qd2 Qf6 14. exf5 gxf5 15. Na3 f4 16. Bf2 Ne5 17. Nc4 Qg6 18. Kh1 Bf5 19. Qxf4 Nd3 20. Qd2 Nxf2+ 21. Rxf2 Bd4 22. Rff1 Kh8 23. Rfe1 Nc7 24. Nb6 Rae8 25. Bf1 Bc2 26. Rxe8 Nxe8 27. Re1 Nf6 28. Ne2 Be5 29. Nc4 Bxa4 30. Nxe5 dxe5 31. Nc3 Bd7 32. Rxe5 b5 33. d6 b4 34. Nd1 Ne4 35. Qe1 Nxd6 36. Rxc5 Bb5 37. Bxb5 Nxb5 38. Qe5+ Qf6 39. Ne3 Qxe5 40. Rxe5 Rc8 41. h4 Kg7 42. Re7+ Kf6 43. Nd5+ Kg6 44. Nxb4 Rc4 45. Re4 Rxe4 46. fxe4 Nd6 47. Nxa6 Nxe4 48. b4 Kh5 49. Nc5 Ng3+ 50. Kh2 Nf1+ 51. Kh3 Ne3 52. b5 Nd5 53. Nd7 Nf4+ 54. Kh2 Ne6 55. b6 Nd8 56. Nc5 Kxh4 57. b7 Nc6 58. Nd7 Nb8 59. Nc5 1-0

[Event "ESP-chT 2nd Division 2019"]
[Site "Linares"]
[Date "2019.08.20"]
[Round "3.5"]
[White "Ballester Sanz, Joaquin"]
[Black "Sosa Suarez, Carla Cristina"]
[Result "1/2-1/2"]
[ECO "C03"]
[WhiteElo "2027"]
[BlackElo "2135"]
[Annotator "NA"]
[PlyCount "83"]
[EventDate "2019.08.19"]
[EventType "team-tourn"]
[EventCountry "ESP"]
[SourceTitle "playchess.com"]
[Source "ChessBase"]
[SourceQuality "1"]
[TimeControl "5400+30"]

1. e4 e6 2. d4 d5 3. Nd2 Be7 4. Ngf3 Nf6 5. e5 Nfd7 6. Bd3 c5 7. c3 Nc6 8. O-O a5 9. a4 cxd4 10. cxd4 Nb4 11. Bb5 O-O 12. Nb1 Nb6 13. b3 Bd7 14. Na3 Nc8 15. Bxd7 Qxd7 16. Bg5 f6 17. exf6 gxf6 18. Bh6 Rf7 19. Nb5 Nd6 20. Nxd6 Bxd6 21. Qd2 Rc8 22. Rac1 Re7 23. Rxc8+ Qxc8 24. Rc1 Nc6 25. Bf4 Qc7 26. Bg3 Bxg3 27. hxg3 Rg7 28. Re1 Qd6 29. Qe3 Kf7 30. Qh6 Ne7 31. Qd2 Qb6 32. Qd3 Nf5 33. Rc1 Nd6 34. Qc2 Kg8 35. Qe2 Re7 36. Qe3 Kg7 37. Qf4 Rc7 38. Qg4+ Kf7 39. Qh5+ Kg7 40. Qg4+ Kf7 41. Qh5+ Kg7 42. Qg4+ 1/2-1/2

[Event "ESP-chT 2nd Division 2019"]
[Site "Linares"]
[Date "2019.08.20"]
[Round "3.6"]
[White "Moreno Trujillo, Alejandro"]
[Black "Cruz Lledo, Pablo"]
[Result "0-1"]
[ECO "A50"]
[WhiteElo "2519"]
[BlackElo "2445"]
[Annotator "ChessBase"]
[PlyCount "144"]
[EventDate "2019.08.19"]
[EventType "team-tourn"]
[EventCountry "ESP"]
[SourceTitle "playchess.com"]
[Source "ChessBase"]
[SourceQuality "1"]
[TimeControl "5400+30"]

1. c4 Nf6 2. d4 b6 3. Nc3 Bb7 4. Qc2 d5 5. Nf3 e6 6. Bg5 Be7 7. e3 O-O 8. cxd5 Nxd5 9. Bxe7 Qxe7 10. a3 Nxc3 11. bxc3 c5 12. Bd3 h6 13. O-O Nc6 14. Rfd1 Rac8 15. Qb2 Rfd8 16. Bb5 Qd6 17. h3 Ne7 18. Be2 Qc7 19. a4 Nc6 20. dxc5 bxc5 21. Rxd8+ Rxd8 22. a5 Nxa5 23. Rxa5 Bxf3 24. Ra1 Bxe2 25. Qxe2 c4 26. g3 Rd3 27. Qf3 Rd5 28. Qe4 a5 29. Kg2 g6 30. Ra4 Rc5 31. Ra1 Kg7 32. Qd4+ Kh7 33. Qe4 Kg7 34. Qd4+ e5 35. Qe4 Qd7 36. Qa8 Qd5+ 37. Qxd5 Rxd5 38. e4 Rc5 39. Kf3 Kf6 40. Rb1 Rc6 41. Ra1 Ra6 42. Ra4 Ke6 43. Ke3 Kd6 44. Kd2 Kc5 45. Kc2 Kb5 46. Ra2 Rf6 47. Rb2+ Ka6 48. Kb1 Rf3 49. Rc2 g5 50. Kb2 h5 51. h4 gxh4 52. gxh4 Rf4 53. Rd2 Rxe4 54. Ka3 Rxh4 55. Rd6+ Kb7 56. Rd7+ Kc6 57. Rxf7 Rf4 58. Rh7 h4 59. Rh5 Kd5 60. Ka4 Rxf2 61. Rxh4 Rf3 62. Kxa5 Rxc3 63. Rh8 Ra3+ 64. Kb4 Rb3+ 65. Ka4 Rb7 66. Rd8+ Ke4 67. Ka3 Ke3 68. Rc8 e4 69. Rxc4 Kd3 70. Rc8 e3 71. Rd8+ Ke2 72. Re8 Kf2 0-1

[Event "ESP-chT 2nd Division 2019"]
[Site "Linares"]
[Date "2019.08.20"]
[Round "3.7"]
[White "Garcia Molla, Victor"]
[Black "Nayhebaver, Martin"]
[Result "0-1"]
[ECO "E14"]
[WhiteElo "2408"]
[BlackElo "2469"]
[Annotator "ChessBase"]
[PlyCount "68"]
[EventDate "2019.08.19"]
[EventType "team-tourn"]
[EventCountry "ESP"]
[SourceTitle "playchess.com"]
[Source "ChessBase"]
[SourceQuality "1"]
[TimeControl "5400+30"]

1. d4 Nf6 2. Nf3 e6 3. c4 b6 4. e3 Bb7 5. Bd3 g6 6. Nc3 Bg7 7. e4 O-O 8. Bg5 h6 9. Bh4 Qe8 10. e5 Nh5 11. Be4 Bxe4 12. Nxe4 d5 13. Nf6+ Bxf6 14. exf6 Nd7 15. Qc1 Kh7 16. g4 Nhxf6 17. g5 Ne4 18. gxh6 c5 19. Qe3 Rc8 20. O-O-O f5 21. Ng5+ Nxg5 22. Bxg5 Qf7 23. Kb1 dxc4 24. f4 Rfe8 25. Rhe1 b5 26. Qa3 cxd4 27. Rxd4 Nb6 28. Ka1 Nd5 29. Qd6 a5 30. Kb1 b4 31. Qa6 c3 32. b3 a4 33. Qxa4 Ra8 34. Qc6 Qa7 0-1

[Event "ESP-chT 2nd Division 2019"]
[Site "Linares"]
[Date "2019.08.20"]
[Round "3.8"]
[White "Soham Das"]
[Black "Plaza Pardo, Daniel"]
[Result "0-1"]
[ECO "B40"]
[WhiteElo "2339"]
[BlackElo "2238"]
[Annotator "NA"]
[PlyCount "86"]
[EventDate "2019.08.19"]
[EventType "team-tourn"]
[EventCountry "ESP"]
[SourceTitle "playchess.com"]
[Source "ChessBase"]
[SourceQuality "1"]
[TimeControl "5400+30"]

1. e4 c5 2. Nf3 e6 3. d3 Nc6 4. g3 g6 5. Bg2 Bg7 6. O-O Nge7 7. c3 e5 8. a3 d6 9. b4 O-O 10. Be3 b6 11. Qc2 h6 12. Nbd2 Be6 13. b5 Na5 14. d4 Nc4 15. Nxc4 Bxc4 16. Rfd1 Qc7 17. a4 a6 18. dxe5 dxe5 19. Bf1 axb5 20. axb5 Bxf1 21. Kxf1 Rad8 22. Ra6 Rxd1+ 23. Qxd1 Rd8 24. Qa4 Nc8 25. Nd2 Qd7 26. Kg2 Kh7 27. Nc4 Qb7 28. f3 f5 29. exf5 gxf5 30. Qc2 e4 31. fxe4 fxe4 32. Bf4 Kh8 33. Ne3 Rd3 34. c4 Ne7 35. Qa2 Qd7 36. Ra8+ Kh7 37. Nf1 Nf5 38. Ra7 Qd4 39. Qe2 e3 40. Kh3 Qe4 41. g4 Nd4 42. Qg2 e2+ 43. Bg3 e1=Q 0-1

[Event "ESP-chT 2nd Division 2019"]
[Site "Linares"]
[Date "2019.08.20"]
[Round "3.9"]
[White "Barbera Estelles, Rosendo"]
[Black "Lopez Del Alamo, Antonio"]
[Result "1-0"]
[ECO "B20"]
[WhiteElo "2176"]
[BlackElo "2276"]
[Annotator "NA"]
[PlyCount "134"]
[EventDate "2019.08.19"]
[EventType "team-tourn"]
[EventCountry "ESP"]
[SourceTitle "playchess.com"]
[Source "ChessBase"]
[SourceQuality "1"]
[TimeControl "5400+30"]

1. e4 c5 2. Be2 Nc6 3. f4 g6 4. Nf3 Bg7 5. d3 e6 6. O-O Nge7 7. c3 d5 8. Be3 b6 9. e5 d4 10. cxd4 Nf5 11. Bf2 Nfxd4 12. Nc3 f5 13. Nxd4 Nxd4 14. Bxd4 Qxd4+ 15. Rf2 Bd7 16. Qb3 O-O 17. Nb5 Bxb5 18. Qxb5 Rfd8 19. Qb3 Kf7 20. a4 Bf8 21. Qc3 c4 22. Qxd4 Rxd4 23. Rf3 Bc5 24. Kf1 Rad8 25. dxc4 a5 26. h3 Rd2 27. b3 R8d4 28. g3 Ke7 29. Rb1 Re4 30. Bd3 Rh2 31. b4 axb4 32. Bxe4 fxe4 33. Rfb3 Rf2+ 34. Ke1 e3 35. R1b2 g5 36. Rxf2 exf2+ 37. Ke2 gxf4 38. gxf4 Kf7 39. Rg3 Kf8 40. h4 Kf7 41. h5 h6 42. Rd3 Ke7 43. Rd1 Ke8 44. Ra1 Kd7 45. a5 bxa5 46. Rxa5 Be3 47. Rb5 Bxf4 48. Kxf2 Kc6 49. Kf3 Bd2 50. Ke4 Bc3 51. Rb8 Kc7 52. Rb5 Kc6 53. Kd3 Be1 54. Kc2 Bc3 55. Kb3 Kc7 56. Rxb4 Bxe5 57. c5 Kc6 58. Kc4 Bc7 59. Rb2 Bf4 60. Rb6+ Kd7 61. Kb5 Ke7 62. c6 Kf6 63. Ka6 Bd6 64. Kb7 Kg5 65. Rb5+ Kf4 66. Kc8 e5 67. Kd7 Ke4 1-0

[Event "ESP-chT 2nd Division 2019"]
[Site "Linares"]
[Date "2019.08.20"]
[Round "3.10"]
[White "Calzetta Ruiz, Monica"]
[Black "Castellet Menchon, Cora"]
[Result "1-0"]
[ECO "B38"]
[WhiteElo "2257"]
[BlackElo "1866"]
[Annotator "NA"]
[PlyCount "75"]
[EventDate "2019.08.19"]
[EventType "team-tourn"]
[EventCountry "ESP"]
[SourceTitle "playchess.com"]
[Source "ChessBase"]
[SourceQuality "1"]
[TimeControl "5400+30"]

1. e4 c5 2. Nf3 Nc6 3. d4 cxd4 4. Nxd4 g6 5. c4 Bg7 6. Be3 Nf6 7. Nc3 O-O 8. Be2 d6 9. Qd2 Bd7 10. f3 a5 11. Ndb5 a4 12. O-O Qa5 13. Rfc1 Ne5 14. Rab1 Rfc8 15. b4 axb3 16. axb3 Bxb5 17. Nxb5 Qxd2 18. Bxd2 Ra2 19. Rd1 Nfd7 20. f4 Nc6 21. Bg4 Rd8 22. Be3 h5 23. Bxd7 Rxd7 24. e5 Re2 25. Bf2 Bh6 26. g3 Bf8 27. c5 Rd8 28. cxd6 exd6 29. Nxd6 Bxd6 30. exd6 Re6 31. Bc5 Nb8 32. Rbc1 Nd7 33. Bb4 Nf6 34. Rc7 Ne8 35. Rxb7 Nxd6 36. Rb6 Nb7 37. Rxd8+ Nxd8 38. Rb8 1-0

[Event "ESP-chT 2nd Division 2019"]
[Site "Linares"]
[Date "2019.08.20"]
[Round "3.11"]
[White "Montoliu Cervero, Francisco"]
[Black "Adla, Diego"]
[Result "1-0"]
[ECO "C78"]
[WhiteElo "2393"]
[BlackElo "2424"]
[Annotator "NA"]
[PlyCount "83"]
[EventDate "2019.08.19"]
[EventType "team-tourn"]
[EventCountry "ESP"]
[SourceTitle "playchess.com"]
[Source "ChessBase"]
[SourceQuality "1"]
[TimeControl "5400+30"]

1. e4 e5 2. Nf3 Nc6 3. Bb5 a6 4. Ba4 Nf6 5. O-O Bc5 6. c3 b5 7. Bb3 d6 8. d4 Bb6 9. h3 Bb7 10. Re1 O-O 11. Bg5 h6 12. Bh4 g5 13. Bg3 Re8 14. dxe5 Nxe5 15. Nxe5 dxe5 16. Qf3 Kg7 17. a4 c5 18. Bc2 Qd7 19. c4 bxc4 20. Na3 Qe6 21. Qc3 Bc7 22. Nxc4 Rab8 23. f3 Bc8 24. Red1 Nh5 25. Bf2 Nf4 26. Rd2 Rd8 27. Rad1 Rd4 28. b3 Qc6 29. Kh1 Bd7 30. Ne3 Qb6 31. Nc4 Qc6 32. Rxd4 Ne2 33. Rd6 Bxd6 34. Rxd6 Qxd6 35. Qe1 Qc7 36. Qxe2 Be6 37. Qd3 f6 38. Qc3 Rd8 39. Be3 h5 40. Qa5 Qd7 41. Qxc5 Bxh3 42. Nb6 1-0

[Event "ESP-chT 2nd Division 2019"]
[Site "Linares"]
[Date "2019.08.20"]
[Round "3.12"]
[White "Glavina, Pablo"]
[Black "Silva Rodriguez, Julio Jose"]
[Result "1/2-1/2"]
[ECO "A64"]
[WhiteElo "2407"]
[BlackElo "2362"]
[Annotator "NA"]
[PlyCount "143"]
[EventDate "2019.08.19"]
[EventType "team-tourn"]
[EventCountry "ESP"]
[SourceTitle "playchess.com"]
[Source "ChessBase"]
[SourceQuality "1"]
[TimeControl "5400+30"]

1. d4 Nf6 2. c4 e6 3. g3 c5 4. d5 exd5 5. cxd5 d6 6. Nc3 g6 7. Nf3 Bg7 8. Bg2 O-O 9. O-O Re8 10. Nd2 a6 11. a4 Nbd7 12. Qb3 Ne5 13. h3 Rb8 14. f4 Ned7 15. Nc4 b5 16. axb5 axb5 17. Nxb5 Ne4 18. Qd3 Rxb5 19. Bxe4 Nf6 20. Bg2 Bf5 21. e4 Bxe4 22. Bxe4 Nxe4 23. Re1 f5 24. Kg2 Rb4 25. Ra3 Qd7 26. b3 Reb8 27. Re2 Qb5 28. Re3 Bd4 29. Rf3 Qb7 30. g4 Qxd5 31. gxf5 gxf5 32. Kh2 Qb7 33. Be3 Rxb3 34. Rxb3 Qxb3 35. Bxd4 Qxd3 36. Rxd3 cxd4 37. Na5 Rb2+ 38. Kg1 Rd2 39. Rxd2 Nxd2 40. Nc6 d3 41. Ne7+ Kf7 42. Nxf5 Ne4 43. Kf1 d2 44. Ke2 Ke6 45. Nd4+ Kd5 46. Nf3 Kc4 47. f5 Kd5 48. h4 h5 49. Kd1 Nf6 50. Nxd2 Ne8 51. Ke2 Ke5 52. Kf3 Kxf5 53. Ne4 Ke5 54. Ng3 Nf6 55. Ne2 d5 56. Ke3 Kf5 57. Kf3 Ke5 58. Ke3 Ng4+ 59. Kf3 d4 60. Nxd4 Kxd4 61. Kf4 Nf6 62. Kg5 Ke5 63. Kg6 Ke6 64. Kg5 Kf7 65. Kh6 Ke7 66. Kg6 Ke6 67. Kg5 Ke5 68. Kg6 Kf4 69. Kxf6 Kg4 70. Ke5 Kxh4 71. Kf4 Kh3 72. Ke4 1/2-1/2

[Event "ESP-chT 2nd Division 2019"]
[Site "Linares"]
[Date "2019.08.20"]
[Round "3.13"]
[White "Gavarrete, Nahun"]
[Black "Quintin Navarro, Alberto"]
[Result "1-0"]
[ECO "C78"]
[WhiteElo "2349"]
[BlackElo "2376"]
[Annotator "NA"]
[PlyCount "51"]
[EventDate "2019.08.19"]
[EventType "team-tourn"]
[EventCountry "ESP"]
[SourceTitle "playchess.com"]
[Source "ChessBase"]
[SourceQuality "1"]
[TimeControl "5400+30"]

1. e4 e5 2. Nf3 Nc6 3. Bb5 a6 4. Ba4 Nf6 5. O-O Bc5 6. c3 b5 7. Bb3 d6 8. d4 Bb6 9. h3 Bb7 10. Re1 O-O 11. Bg5 h6 12. Bh4 g5 13. Nxg5 hxg5 14. Bxg5 Kg7 15. Re3 Qd7 16. Rg3 Ne7 17. dxe5 Bxf2+ 18. Kh1 Bxg3 19. Bxf6+ Kg6 20. Qd2 Bh4 21. Bxh4 Bxe4 22. Qg5+ Kh7 23. Qh5+ Kg8 24. Bf6 Ng6 25. Qh6 Bxg2+ 26. Kg1 1-0

[Event "ESP-chT 2nd Division 2019"]
[Site "Linares"]
[Date "2019.08.20"]
[Round "3.14"]
[White "Vela Frago, Alberto"]
[Black "Nieves Cabanes, Jose Manuel"]
[Result "1/2-1/2"]
[ECO "C47"]
[WhiteElo "2155"]
[BlackElo "2311"]
[Annotator "NA"]
[PlyCount "68"]
[EventDate "2019.08.19"]
[EventType "team-tourn"]
[EventCountry "ESP"]
[SourceTitle "playchess.com"]
[Source "ChessBase"]
[SourceQuality "1"]
[TimeControl "5400+30"]

1. e4 e5 2. Nf3 Nc6 3. Nc3 Nf6 4. d4 Bb4 5. Nxe5 Qe7 6. Nxc6 Qxe4+ 7. Qe2 dxc6 8. Bd2 Qxe2+ 9. Bxe2 Bf5 10. O-O-O O-O-O 11. a3 Be7 12. Bf4 Ng4 13. Rhf1 Rhe8 14. h3 Nf6 15. Bf3 Be6 16. g4 h6 17. Rfe1 Nd5 18. Nxd5 Bxd5 19. Bxd5 cxd5 20. c3 Bh4 21. Bg3 Bxg3 22. fxg3 Kd7 23. Kd2 a5 24. a4 b6 25. Rxe8 Rxe8 26. Re1 Re6 27. Rf1 Ke7 28. Kd3 c5 29. b3 Re4 30. Rf5 cxd4 31. cxd4 Ke6 32. Rf3 g6 33. Re3 Rxe3+ 34. Kxe3 g5 {[%emt 0:00:11] Ke4 Ke5+} 1/2-1/2